 Dungeon Crawl Stone Soup version 0.25-a0-201-g0bb11aece9 (webtiles) character file.

Game seed: 13595157880175246432, levelgen mode: deterministic

67 MisterFreud the Skirmisher (level 4, 0/33 HPs)
             Began as an Octopode Artificer on Dec 2, 2019.
             Slain by a gnoll
             ... wielding a +0 spear
              (9 damage)
             ... on level 2 of the Dungeon.
             The game lasted 00:01:29 (1343 turns).

MisterFreud the Skirmisher (Octopode Artificer)     Turns: 1343, Time: 00:01:29

Health: 0/33       AC:  1    Str: 11    XL:     4   Next: 16%
Magic:  6/6        EV: 13    Int: 14    God:
Gold:   17         SH:  0    Dex: 12    Spells: 3/3 levels left

rFire    . . .     SeeInvis .   a - +0 short sword
rCold    . . .     Gourm    .   (no shield)
rNeg     . . .     Faith    .   (helmet restricted)
rPois    .         Spirit   .   (no amulet)
rElec    .         Reflect  .   (no ring)
rCorr    .         Harm     .   (no ring)
MR       .....                  (no ring)
Stlth    +++.......             (no ring)
HPRegen  0.11/turn              (no ring)
MPRegen  0.10/turn              (no ring)
                                (no ring)
                                (no ring)

@: no status effects
A: almost no armour, stealthy swim, amphibious, 8 rings, constrict 8, camouflage
1, gelatinous body 1
a: no special abilities


You were on level 2 of the Dungeon.
You were not hungry.

You visited 1 branch of the dungeon, and saw 2 of its levels.

You collected 17 gold pieces.

Inventory:

Hand Weapons
 a - a +0 short sword (weapon)
Wands
 b - a wand of flame (15)
 c - a wand of enslavement (15)
 d - a wand of random effects (14)
Scrolls
 e - 2 scrolls of remove curse
Potions
 g - a potion of might {unknown}
Comestibles
 f - 2 rations


   Skills:
 + Level 3.9 Fighting
 - Level 1.0 Short Blades
 - Level 2.0 Dodging
 - Level 1.3 Stealth
 - Level 3.2 Evocations


You had 3 spell levels left.
You didn't know any spells.
Your spell library was empty.

Dungeon Overview and Level Annotations

Branches:
Dungeon (2/15)

Altars:


Innate Abilities, Weirdness & Mutations

You cannot wear most types of armour.
You are very stealthy in the water. (Stealth+)
You are amphibious.
You can wear up to eight rings at the same time.
You can use your tentacles to constrict eight enemies at once.
Your skin changes colour to match your surroundings (Stealth+).
Your rubbery body absorbs attacks. (AC +1, EV +1)


Message History

You miss the frilled lizard. Your grab misses the frilled lizard.
The frilled lizard barely misses you.
You miss the frilled lizard. You grab the frilled lizard.
You constrict the frilled lizard. The gnoll misses you.
The frilled lizard barely misses you.
You hit the frilled lizard but do no damage.
You squeeze the frilled lizard.
You kill the frilled lizard!
The gnoll closely misses you. The gnoll hits you with a +0 spear!
* * * LOW HITPOINT WARNING * * *
You see here a frilled lizard corpse.
You barely miss the gnoll. Your grab misses the gnoll.
The gnoll completely misses you.
You hit the gnoll but do no damage. Your grab misses the gnoll.
The gnoll misses you.
Unknown command.
You barely miss the gnoll. You grab the gnoll. You constrict the gnoll.
The gnoll hits you with a +0 spear!
You die...

*,***#.##.......##....##........
*,,,,..##........#........g...l.
**,,...##..............#...l....
*,....##.............##..####..
*.....##.......##.....l..# *,,
#.....###########gg.....## *,,
*#.....###*** #)#######****,,
*,,,,,,.....######.# *>,,,,
*,*****,*#.....@gg.# *,**,, *,*
*,*#.######### *,,,,, *,* *,**,*
*,*,,, *,* *,**,* ******,*,,,
*,*****,**,* *,,,,,,,,,,
*,,,,,,,,,,* *,****,****
************ *,* *,**** *,*
*,,,,, **,****,****


You could see 2 gnolls.

Vanquished Creatures
  Terence (D:2)
  2 gnolls (D:2)
  A dart slug (D:1)
  4 bats
  A giant cockroach (D:2)
  3 goblins
  3 jackals (D:2)
  4 frilled lizards
  2 kobolds (D:1)
  2 rats
23 creatures vanquished.

Notes
Turn   | Place    | Note
-------+----------+-------------------------------------------
     0 | D:1      | MisterFreud the Octopode Artificer began the quest for the
                  | Orb.
     0 | D:1      | Reached XP level 1. HP: 13/13 MP: 3/3
   486 | D:1      | Reached XP level 2. HP: 16/19 MP: 4/4
   965 | D:2      | Reached XP level 3. HP: 16/25 MP: 5/5
  1038 | D:2      | Noticed Terence
  1105 | D:2      | Killed Terence
  1332 | D:2      | Reached XP level 4. HP: 27/33 MP: 6/6
  1343 | D:2      | Slain by a gnoll

Levels and vault maps discovered:
D:1:      dpeg_arrival_lava_temple_mockup, layout_basic,
          minmay_misc_feat_four_crosses
D:2:      layout_loops_cross, nicolae_overflow_crystal_walls, uniq_sigmund,
          uniq_terence

Skill      XL: |  1  2  3 |
---------------+----------+-----
Fighting       | 2 3 |  3.9
Short Blades   | |  1.0
Dodging        | |  2.0
Stealth        | |  1.3
Evocations     | |  3.2

Action                   |  1- 3 |  4- 6 || total
-------------------------+-------+-------++-------
Melee: Short sword       |    46 |     6 ||    52
       Constrict         |    13 |     2 ||    15
       Tentacles         |    11 |     1 ||    12
Evoke: Wand              |     1 |       ||     1
  Use: Scroll            |     2 |       ||     2
 Stab: Sleeping          |     5 |       ||     5
  Eat: Chunk             |     1 |       ||     1
Armor: Skin              |     2 |       ||     2
Dodge: Dodged            |    25 |     6 ||    31

Table legend:
 A = Non-vault XP
 B = Vault XP
 C = Vault XP percentage of total XP
 D = Non-vault monster count
 E = Vault monster count
 F = Vault count percentage of total count
                 A         B        C        D         E       F
            +---------+---------+-------+---------+---------+-------
      Total |      60 |      36 |  37.5 |      22 |       1 |   4.3
            +---------+---------+-------+---------+---------+-------
        D:1 |      16 |       0 |   0.0 |      10 |       0 |   0.0
        D:2 |      44 |      36 |  45.0 |      12 |       1 |   7.7
            +---------+---------+-------+---------+---------+-------
